AoeStats
← Fs.Black_

African Clearing

505702564Analyzed
3v3 RM · 21d ago on Sep 10, 2026· 45m 22s· 6 players
Game mode
Random Map
Map size
Normal (6 player)
Population
200
Speed
Normal
Resources
Standard
Victory
Conquest
Starting age
Dark Age
Ending age
Imperial Age
RankedLock teamsTeams togetherTeam positionsShared explorationLock speedFull tech treeHidden civsTurbo modeCheats
Victory
Defeat
🇲🇽 Berbers · Mexico
1844
+6
🇲🇽 Magyars · Mexico
1679
+12
🇲🇽 Chinese · Mexico
1470
+20
🇧🇷 Huns · Brazil
1695
-17
🇧🇷 Mongols · Brazil
1564
-12
🇧🇷 Berbers · Brazil
1505
-9
Fs.Carniça
7:06 Loom
11:55 Feudal Age
12:23 Double-Bit Axe
13:42 Fletching
21:57 Castle Age
23:03 Bodkin Arrow
28:24 Ballistics
30:18 Padded Archer Armor
34:44 Leather Archer Armor
35:14 Horse Collar
44:48 Wheelbarrow
Fs.7mendes
6:01 Loom
11:38 Feudal Age
13:56 Forging
14:20 Double-Bit Axe
20:46 Scale Barding Armor
25:37 Castle Age
24:40 Bloodlines
24:23 Horse Collar
24:40 Gold Mining
26:03 Light Cavalry
34:29 Husbandry
35:19 Chain Barding Armor
40:07 Bow Saw
44:21 Iron Casting
45:38 Fletching
Fs.Black_
5:09 Loom
12:10 Feudal Age
13:18 Double-Bit Axe
19:29 Castle Age
17:22 Horse Collar
18:25 Fletching
20:06 Bodkin Arrow
22:12 Padded Archer Armor
27:35 Ballistics
31:38 Husbandry
33:04 Bloodlines
33:55 Bow Saw
34:19 Leather Archer Armor
34:57 Gold Mining
37:49 Wheelbarrow
40:20 Hand Cart
42:39 Imperial Age
40:24 Scale Barding Armor
40:30 Forging
40:32 Marauders
41:47 Chain Barding Armor
42:45 Elite Tarkan
44:02 Plate Barding Armor
45:12 Iron Casting
hK | TwisteR
4:26 Loom
11:35 Feudal Age
12:32 Double-Bit Axe
16:57 Wheelbarrow
22:26 Bloodlines
30:26 Castle Age
33:34 Bow Saw
41:03 Imperial Age
40:26 Scale Barding Armor
40:43 Ballistics
43:29 Pikeman
44:12 Scale Mail Armor
44:19 Corvinian Army
44:52 Hand Cart
45:57 Two-Man Saw
VX | Anubis
2:47 Loom
12:33 Feudal Age
15:49 Fletching
20:52 Castle Age
21:30 Bodkin Arrow
31:35 Crossbowman
32:39 Padded Archer Armor
35:56 Ballistics
37:09 Town Watch
FierroFlash
13:01 Feudal Age
13:21 Loom
14:29 Double-Bit Axe
16:59 Castle Age
18:19 Bow Saw
19:35 Fletching
20:41 Bodkin Arrow
24:05 Ballistics
26:55 Padded Archer Armor
26:43 Horse Collar
29:42 Wheelbarrow
30:07 Town Watch
32:13 Leather Archer Armor
32:26 Hand Cart
36:32 Imperial Age
34:06 Gold Mining
34:06 Stone Mining
34:47 Kasbah
35:36 Bloodlines
35:27 Husbandry
35:34 Light Cavalry
36:41 Scale Barding Armor
37:18 Gold Shaft Mining
37:23 Stone Shaft Mining
37:15 Bracer
38:20 Chemistry
37:22 Heavy Plow
37:35 Elite Camel Archer
38:35 Conscription
38:16 Maghrebi Camels
39:00 Coinage
39:28 Ring Archer Armor
39:45 Forging
39:50 Guilds
40:03 Chain Barding Armor
40:34 Treadmill Crane
41:39 Banking
41:39 Hussar
42:56 Plate Barding Armor
42:35 Heavy Camel Rider
43:58 Thumb Ring
44:34 Iron Casting
Connection lost

Rejoining the realm…

Still unreachable

The connection could not be restored.

Session expired

The server has moved on; the page needs a fresh start.